 Seeded DCSS version 0.30-a0-125-g51eefa89be (webtiles) character file.

Game seed: 17246712331252751712 (custom seed)

6 wilfster70 the Shield-Bearer (level 1, 20/20 HPs)
             Began as a Minotaur Fighter on Sept 18, 2022.
             Quit the game on level 1 of the Dungeon.
             The game lasted 00:00:51 (95 turns).

wilfster70 the Shield-Bearer (Minotaur Fighter)       Turns: 95, Time: 00:00:51

Health: 20/20      AC:  7    Str: 20    XL:     1   Next: 75%
Magic:  0/0        EV:  9    Int:  5    God:
Gold:   0          SH:  4    Dex:  9    Spells: 0/0 levels left

rFire   . . .      SeeInvis .    a - +0 trident
rCold   . . .      Faith    .    c - +0 buckler
rNeg    . . .      Spirit   .    b - +0 scale mail
rPois   .          Reflect  .    (helmet restricted)
rElec   .          Harm     .    (no cloak)
rCorr   .          Rampage  .    (no gloves)
Will    .....                    (no boots)
Stlth   ..........               (no amulet)
HPRegen 0.06/turn                (no ring)
MPRegen 0.07/turn                (no ring)

@: studying Summonings
A: horns 2, retaliatory headbutt
a: no special abilities


You were on level 1 of the Dungeon.
You visited 1 branch of the dungeon, and saw 1 of its levels.

Inventory:

Hand Weapons
 a - a +0 trident (weapon)
Armour
 b - a +0 scale mail (worn)
 c - a +0 buckler (worn)
Scrolls
 e - a scroll of acquirement
Potions
 d - a potion of might


   Skills:
 + Level 3.7 Fighting
 * Level 2.7 Polearms
 + Level 3.7 Armour
 + Level 3.7 Shields


You couldn't memorise any spells.
You didn't know any spells.
Your spell library was empty.

Dungeon Overview and Level Annotations

Branches:
Dungeon (1/15)

Altars:


Innate Abilities, Weirdness & Mutations

You have a pair of horns on your head.
You reflexively headbutt those who attack you in melee.


Message History

No target in view!
You see here a bat corpse.
Found a scroll labelled OHUHEGH QICYXI.
An endoplasm comes into view.
The endoplasm quivers.
A quokka comes into view.
You hit the endoplasm. You headbutt the endoplasm.
You kill the endoplasm!
You reach to attack!
You miss the quokka. The quokka closely misses you.
You hit the quokka but do no damage. The quokka closely misses you.
You barely miss the quokka.
The quokka bites you but does no damage.
You block the quokka's attack.
You barely miss the quokka. The quokka closely misses you.
You hit the quokka.
The quokka is severely wounded.
The quokka completely misses you. The quokka bites you.
You barely miss the quokka. You headbutt the quokka.
You kill the quokka!
No target in view!
An endoplasm comes into view.
The endoplasm quivers.
You see here a scroll labelled OHUHEGH QICYXI.
You puncture the endoplasm!
You kill the endoplasm!
No target in view!
e - a scroll labelled OHUHEGH QICYXI This is a scroll of acquirement!
You see here a manual of Summonings.
Something appears at your feet!
You pick up a manual of Summonings and begin studying.
There is a stone staircase leading down here.
Found a stone staircase leading down.
Found a robe.
A rat comes into view.
Found a scroll of acquirement and 10 gold pieces.
You puncture the rat!
You kill the rat!
e - a scroll of acquirement Unknown command.
Are you sure you want to abandon this character and quit the game? (Confirm with "yes".)

#########
#.......#
#.....$.#
#.......#
#.......#
#.....@.#
####.......#
#..........#
#.##.......#
##.#........#
#..#.########
# ##.##.#
#.####.....#
.........###


There were no monsters in sight!

Vanquished Creatures
  A bat (D:1)
  2 endoplasms (D:1)
  A quokka (D:1)
  A rat (D:1)
5 creatures vanquished.

Notes
Turn   | Place    | Note
-------+----------+-------------------------------------------
     0 | D:1      | wilfster70 the Minotaur Fighter began the quest for the
                  | Orb.
     0 | D:1      | Reached XP level 1. HP: 19/19 MP: 0/0
    38 | D:1      | Identified a scroll of acquirement
    38 | D:1      | Acquired a manual of Summonings
    95 | D:1      | Quit the game

Illustrated notes

Levels and vault maps discovered:
D:1:      evilmike_arrival_plus, layout_rooms

Action                   || total
-------------------------++-------
Melee: Trident           ||     9
       Headbutt          ||     2
  Use: Scroll            ||     1
Armor: Scale mail        ||     1
Dodge: Dodged            ||     6
Block: Buckler           ||     1

Table legend: (Time is in decaauts)
 A = Elapsed time spent in this place.
 B = Non-inter-level travel time spent in this place.
 C = Inter-level travel time spent in this place.
 D = Time resting spent in this place.
 E = Time spent auto-exploring this place.
 F = Levels seen in this place.
 G = Mean time per level.
                   A        B        C        D        E       F      G
               +--------+--------+--------+--------+--------+-----+--------+
         Total |     97 |     97 |      0 |      0 |      0 |   1 |   97.0 |
       Dungeon |     97 |     97 |      0 |      0 |      0 |   1 |   97.0 |
               +--------+--------+--------+--------+--------+-----+--------+

Top non-repeatable levels by time:
     D:1: 97 daAuts
